Map: Ascension to Aiur LE

Players

BackupA (Rob)

  • Race: Protoss Protoss
  • Spawn Location: 11:00

PtitDrogo - Winner!

  • Race: Protoss Protoss
  • Spawn Location: 5:00

Event: WCS Montreal 2017

VOD

Have the link to the VOD?

Description

Time

  • Played on: Sept. 8, 2017, 12:56 p.m.
  • Length: 12:55

All games in this series

Show
View Real Time Build Order
Export as new Build Order

BackupA Protoss 

Build Orders: Blink Stalkers 

Get SALT Encoding   

  12  0:00  Probe (Chrono Boost)  
  13  0:11  Probe (Chrono Boost)  
  14  0:18  Pylon  
  14  0:22  Probe (Chrono Boost)  
  15  0:36  Probe (Chrono Boost), Gateway  
  16  0:43  Assimilator  
  16  0:46  Probe (Chrono Boost)  
  17  0:50  Assimilator  
  18  0:57  Probe (Chrono Boost)  
  18  1:04  Gateway  
  18  1:07  Probe (Chrono Boost)  
  19  1:23  Cybernetics Core  
  19  1:25  Probe (Chrono Boost)  
  20  1:29  Pylon  
  20  1:36  Probe (Chrono Boost)  
  21  1:46  Probe (Chrono Boost)  
  22  2:00  Stalker (Chrono Boost), Mothership Core (Chrono Boost)  
  28  2:01  Stalker (Chrono Boost)  
  28  2:05  Warp Gate  
  28  2:15  Pylon  
  30  2:33  Stalker (Chrono Boost)  
  30  2:34  Stalker (Chrono Boost)  
  31  2:58  Probe (Chrono Boost)  
  31  3:02  Nexus  
  31  3:10  Probe (Chrono Boost), Twilight Council  
  32  3:21  Probe (Chrono Boost)  
  33  3:32  Probe (Chrono Boost)  
  32  3:35  Stalker  
  32  3:36  Stalker  
  36  3:42  Probe (Chrono Boost)  
  36  3:46  Blink (Chrono Boost)  
  37  3:54  Probe  
  38  4:06  Probe  
  38  4:09  Gateway  
  39  4:13  Probe  
  40  4:18  Probe  
  40  4:19  Stalker  
  40  4:22  Stalker  
  40  4:23  Probe  
  45  4:30  Probe  
  47  4:36  Probe  
  47  4:38  Robotics Facility  
  48  4:42  Probe  
  49  4:46  Probe  
  49  4:47  Stalker  
  49  4:51  Pylon  
  52  4:56  Probe  
  52  4:57  Probe  
  54  5:06  Pylon  
  54  5:09  Stalker x2  
  54  5:13  Stalker  
  60  5:22  Assimilator  
  60  5:24  Warp Prism (Chrono Boost)  
  60  5:28  Pylon  
  62  5:29  Probe  
  62  5:30  Probe  
  64  5:37  Stalker  
  64  5:39  Stalker  
  68  5:45  Stalker  
  70  5:54  Gateway  
  70  5:56  Gateway  
  70  6:02  Stalker x2  
  74  6:05  Observer (Chrono Boost)  
  75  6:13  Probe  
  75  6:15  Robotics Bay  
  76  6:29  Pylon  
  76  6:38  Nexus  
  76  6:42  Assimilator  
  76  6:44  Probe, Robotics Facility  
  76  6:45  Probe  
  78  6:56  Adept x3  
  84  7:01  Dark Shrine  
  84  7:03  Probe  
  84  7:05  Probe  
  86  7:20  Pylon  
  86  7:21  Probe  
  86  7:22  Probe  
  78  7:32  Probe  
  78  7:34  Disruptor (Chrono Boost), Probe  
  78  7:35  Disruptor (Chrono Boost)  
  86  7:38  Stalker x2  
  88  8:06  Probe, Disruptor (Chrono Boost)  
  88  8:07  Probe x2  
  97  8:15  Dark Templar  
  97  8:18  Dark Templar  
  98  8:20  Zealot x3  
  98  8:25  Probe  
  104  8:27  Probe x2  
  104  8:29  Disruptor (Chrono Boost)  
  106  8:42  Disruptor (Chrono Boost)  
  106  8:45  Assimilator x2  
  106  8:47  Pylon  
  109  8:50  Gateway  
  109  8:51  Forge, Gateway  
  109  8:52  Gateway  
  97  9:13  Stalker  
  97  9:14  Stalker x4  
  74  9:41  Probe x2  
  74  9:42  Stalker x2  
  68  9:49  Probe  
  67  9:53  Probe x2  
  67  9:55  Dark Templar x3  
  75  10:00  Probe (Chrono Boost)  
  76  10:08  Probe (Chrono Boost)  
  76  10:11  Probe x2 (Chrono Boost)  
  77  10:18  Probe (Chrono Boost)  
  75  10:22  Probe (Chrono Boost)  
  75  10:23  Probe (Chrono Boost)  
  75  10:26  Dark Templar  
  78  10:29  Probe (Chrono Boost)  
  77  10:41  Probe x2 (Chrono Boost)  
  77  10:42  Probe (Chrono Boost)  
  69  10:54  Disruptor (Chrono Boost)  
  69  10:56  Probe x2 (Chrono Boost)  
  72  10:57  Disruptor (Chrono Boost), Probe (Chrono Boost)  
  72  11:02  Stalker x2  
  72  11:03  Stalker  
  84  11:08  Probe (Chrono Boost)  
  84  11:10  Probe (Chrono Boost)  
  84  11:27  Stalker x3  
  84  11:28  Disruptor (Chrono Boost)  
  84  11:32  Disruptor (Chrono Boost)  
  96  11:34  Probe  
  96  11:35  Probe x2  
  99  11:51  Probe  
  99  11:53  Probe x2  
  102  11:56  Pylon  
  102  11:59  Disruptor (Chrono Boost)  
  105  12:03  Disruptor (Chrono Boost)  
  105  12:04  Probe  
  105  12:05  Probe  
  105  12:06  Probe  
  109  12:11  Pylon  
  109  12:14  Dark Templar, Pylon  
  109  12:15  Pylon  
  109  12:23  Stalker x3  
  105  12:36  Zealot x3  
  105  12:37  Zealot  
Show
View Real Time Build Order
Export as new Build Order

PtitDrogo Protoss - Winner!

Build Orders: Zealot Archon 

Get SALT Encoding   

  12  0:00  Probe (Chrono Boost)  
  13  0:11  Probe (Chrono Boost)  
  14  0:17  Pylon  
  14  0:22  Probe (Chrono Boost)  
  15  0:35  Probe (Chrono Boost)  
  16  0:36  Gateway  
  16  0:41  Assimilator  
  16  0:46  Probe (Chrono Boost)  
  17  0:51  Assimilator  
  17  0:56  Probe (Chrono Boost)  
  18  1:04  Gateway  
  18  1:07  Probe (Chrono Boost)  
  19  1:18  Probe (Chrono Boost)  
  20  1:23  Cybernetics Core  
  20  1:28  Probe (Chrono Boost)  
  21  1:33  Pylon  
  21  1:39  Probe (Chrono Boost)  
  22  1:49  Probe (Chrono Boost)  
  23  1:59  Stalker x2  
  27  2:02  Warp Gate (Chrono Boost)  
  27  2:09  Mothership Core  
  27  2:15  Pylon  
  29  2:30  Probe  
  29  2:34  Stalker x2  
  32  3:10  Probe  
  33  3:13  Sentry x2  
  33  3:16  Nexus  
  33  3:19  Pylon  
  37  3:31  Probe  
  36  3:35  Twilight Council  
  36  3:43  Probe (Chrono Boost)  
  37  3:49  Sentry  
  37  3:54  Probe (Chrono Boost)  
  40  4:05  Probe (Chrono Boost), Robotics Facility  
  41  4:15  Probe (Chrono Boost)  
  42  4:18  Stalker  
  42  4:22  Charge  
  44  4:24  Phoenix  
  44  4:26  Probe (Chrono Boost)  
  44  4:29  Probe (Chrono Boost)  
  46  4:36  Probe (Chrono Boost)  
  47  4:39  Probe (Chrono Boost)  
  48  4:47  Probe (Chrono Boost)  
  48  4:50  Probe (Chrono Boost)  
  50  4:53  Phoenix  
  50  4:54  Observer (Chrono Boost)  
  50  4:58  Probe, Pylon  
  52  5:01  Probe  
  52  5:03  Nexus  
  52  5:06  Pylon  
  53  5:10  Probe  
  53  5:11  Gateway  
  54  5:14  Gateway  
  54  5:23  Immortal (Chrono Boost)  
  54  5:25  Probe  
  54  5:27  Probe  
  60  5:30  Assimilator  
  60  5:31  Assimilator  
  60  5:37  Probe  
  61  5:47  Stalker x2  
  63  5:56  Pylon  
  64  5:57  Observer (Chrono Boost)  
  64  6:01  Pylon  
  64  6:05  Gateway  
  64  6:07  Templar Archives  
  64  6:11  Gateway  
  64  6:12  Zealot x3  
  64  6:14  Zealot  
  64  6:16  Pylon  
  64  6:17  Probe, Pylon  
  73  6:19  Probe  
  74  6:29  Immortal (Chrono Boost)  
  78  6:40  Zealot x3  
  78  6:43  Zealot  
  86  7:01  Pylon  
  86  7:04  High Templar x2, Pylon  
  94  7:09  Archon  
  94  7:13  Warp Prism (Chrono Boost)  
  94  7:14  High Templar  
  89  7:27  High Templar  
  89  7:35  Probe x2, Archon  
  91  7:37  Nexus  
  91  7:40  Pylon x2  
  91  7:41  Zealot x3  
  97  7:47  Probe x2  
  97  7:55  High Templar, Blink  
  97  7:56  High Templar  
  99  8:00  Archon  
  97  8:09  Probe  
  97  8:11  Zealot x4  
  104  8:21  Probe x2  
  104  8:26  Pylon  
  106  8:31  Stalker x4  
  111  8:37  Pylon  
  111  8:42  Pylon  
  111  8:49  High Templar x2  
  111  8:53  Archon  
  97  9:17  Zealot x2  
  97  9:19  Zealot x2  
  85  9:33  Zealot x2, Immortal (Chrono Boost)  
  81  9:40  Probe x2  
  81  9:41  Stalker x3  
  72  9:56  High Templar x2, Zealot  
  78  10:03  Gateway  
  78  10:05  Zealot x3, Archon  
  78  10:07  Observer (Chrono Boost), Gateway  
  85  10:18  Probe  
  85  10:19  Probe  
  85  10:20  Probe  
  88  10:23  Zealot  
  88  10:28  Zealot x5  
  90  10:30  Probe  
  90  10:32  Probe  
  83  10:36  Probe  
  83  10:42  Probe, Pylon  
  79  10:44  Stalker  
  79  10:46  Probe  
  79  10:47  Probe  
  83  10:50  Stalker x5  
  94  10:57  Probe  
  94  10:58  Probe, Assimilator  
  94  10:59  Assimilator  
  95  11:08  High Templar  
  95  11:09  Probe x2  
  99  11:17  High Templar  
  101  11:22  Archon  
  101  11:24  High Templar x2  
  101  11:25  Zealot x2  
  109  11:29  Stargate  
  109  11:30  Gateway  
  109  11:31  Warp Prism, Gateway, Archon  
  109  11:35  Forge  
  111  11:53  Sentry  
  111  11:54  High Templar x2, Zealot x2  
  113  11:55  Zealot  
  113  11:57  Archon  
  119  12:07  Immortal  
  119  12:14  Phoenix (Chrono Boost)  
  125  12:19  Zealot x4  
  125  12:24  Probe  
  125  12:27  Zealot x2  
  125  12:28  Zealot  
  128  12:32  Photon Cannon  
  126  12:37  High Templar x2  
  126  12:41  Archon  
Tags
 
Add a new tag
Caveats
  • Supply blocks, unpowered buildings, or Contaminate may cause inaccurate times.
  • Supply counts are checked every 10 seconds.